 Dungeon Crawl Stone Soup version 0.26-a0-966-gd078a86f14 (webtiles) character file.

Game seed: 5865679596814481018

3685 Tarl the Cruncher (level 9, -1/67 HPs)
             Began as a Demonspawn Gladiator on Dec 4, 2020.
             Was an Elder of Okawaru.
             Slain by a water moccasin (3 damage)
             ... on level 9 of the Dungeon.
             The game lasted 00:32:54 (8713 turns).

Tarl the Cruncher (Demonspawn Gladiator)            Turns: 8713, Time: 00:32:54

Health: -1/67      AC: 11    Str: 16    XL:     9   Next: 90%
Magic:  13/13      EV: 13    Int: 10    God:    Okawaru [****..]
Gold:   515        SH:  0    Dex: 16    Spells: 8/8 levels left

rFire    . . .     SeeInvis .   o - +2 lajatang (elec)
rCold    . . .     Faith    .   (shield currently unavailable)
rNeg     . . .     Spirit   .   t - +1 swamp dragon scales
rPois    +         Reflect  .   q - +0 hat
rElec    .         Harm     .   (no cloak)
rCorr    .         Rampage  .   (no gloves)
MR       +....                  (no boots)
Stlth    +.........             E - amulet of regeneration
HPRegen  0.61/turn              l - ring of protection from magic
MPRegen  0.13/turn              (no ring)

@: about to teleport
A: horns 2, slimy green scales 1, demonic guardian 2, rot immunity
a: Heroism, Renounce Religion


You were on level 9 of the Dungeon.
You worshipped Okawaru.
Okawaru was greatly pleased with you.
You visited 2 branches of the dungeon, and saw 10 of its levels.

You collected 651 gold pieces.
You spent 136 gold pieces at shops.

Inventory:

Hand Weapons
 a - a +4 quarterstaff
 b - a +2 flail of draining
 o - a +2 lajatang of electrocution (weapon)
 u - a +0 trident
 x - a +0 longbow
Missiles
 d - 9 throwing nets
 j - 5 javelins (quivered)
 y - 35 arrows
 A - 25 poisoned darts
 F - 4 curare-tipped darts
 G - 26 bolts
Armour
 n - a +0 kite shield
 q - a +0 hat (worn)
 r - a +0 scale mail
 t - +1 swamp dragon scales (worn)
Jewellery
 l - a ring of protection from magic (left hand)
 E - an amulet of regeneration (around neck)
Wands
 m - a wand of enslavement (9)
 z - a wand of iceblast (9)
Scrolls
 e - 3 scrolls of teleportation
 h - 7 scrolls of identify
 k - 3 scrolls of magic mapping
 w - a scroll of remove curse
 C - a scroll of torment
Potions
 c - a potion of ambrosia
 f - 2 potions of flight
 g - 2 potions of resistance
 i - a potion of curing
 s - 2 potions of haste
 v - a potion of magic {unknown}
 B - a potion of brilliance {unknown}
 D - a potion of mutation {unknown}


   Skills:
 - Level 4.8 Fighting
 * Level 10.4 Staves
 + Level 2.6 Throwing
 - Level 4.2 Armour
 - Level 4.0 Dodging
 - Level 1.8 Stealth
 + Level 5.4 Invocations


You had 8 spell levels left.
You didn't know any spells.
Your spell library contained the following spells:

 Spells                   Type           Power        Failure   Level
 Animate Skeleton         Necr           #.....       56%         1
 Apportation              Tloc           #.....       56%         1
 Corona                   Hex            #......      56%         1
 Summon Small Mammal      Summ           #...         56%         1
 Confusing Touch          Hex            #.......     90%         3
 Gell's Gravitas          Tloc           #.........   90%         3
 Petrify                  Tmut/Erth      #.......     100%        4
 Metabolic Englaciation   Hex/Ice        #.........   100%        5
 Yara's Violent Unravell  Hex/Tmut       #.........   100%        5


Dungeon Overview and Level Annotations

Branches:
Dungeon (9/15)             Temple (1/1) D:4
   Lair: D:8-11         Orc: D:9-12

Altars:
Ashenzari
Cheibriados
Dithmenos
Elyvilon
Fedhas
Gozag
Hepliaklqana
Kikubaaqudgha
Makhleb
Nemelex Xobeh
Okawaru
Qazlal
Ru
Sif Muna
Trog
Uskayaw
Vehumet
Wu Jian
Xom
Yredelemnul
Zin

Shops:
D:6 (   D:7 ?   D:9 [


Innate Abilities, Weirdness & Mutations

You have a pair of horns on your head.
You are partially covered in slimy green scales. (AC +2)
A demonic guardian rushes to your aid.
You are immune to rotting.


Message History

Your orange demon stings the yak.
The yak looks as sick as possible!
Your orange demon poisons the yak!
Your orange demon hits the yak.
The yak looks weaker.
The yak barely misses your orange demon.
Your orange demon stings the yak.
The yak looks as sick as possible!
Your orange demon poisons the yak!
Your orange demon hits the yak.
The water moccasin bites you.
* * * LOW HITPOINT WARNING * * *
As you read the scroll of teleportation, it crumbles to dust.
You feel strangely unstable.
The water moccasin bites you but does no damage.
The yak barely misses your orange demon.
The water moccasin bites you.
* * * LOW HITPOINT WARNING * * *
The water moccasin bites you but does no damage.
Your orange demon stings the yak!
Your orange demon hits the yak.
The yak dies!
Okawaru accepts your kill. The water moccasin bites you.
You die...

....... ....._...
###### #........
##....# ###...#
#######.....###
#E#...#
#.3S.##.......# #####
#...###..S@'.....##.#
....#
#..4...S.########.#
(...#####.†.YY...#
#.#
....##..†...l#####
######.#
.............#
#....∩.#
....†#.......#
#......# #
..##.#.......#
#.....## .#
..##Y#.......#
#.....# ..## +
...Y.#########
#.....##....


You could see 2 yaks, 3 water moccasins, an iguana, a friendly soul eater
(summoned) and a friendly orange demon (summoned).

Vanquished Creatures
  A hornet (D:8)
  A wyvern (D:9)
  Menkaure (D:5)
  Edmund (D:4)
  A water moccasin (D:9)
  4 sky beasts
  A phantom (D:8)
  An ogre (D:8)
  A centaur (D:6)
  4 bullfrogs
  2 gnoll sergeants (D:7)
  A scorpion (D:4)
  A water moccasin skeleton (D:6)
  4 killer bees (D:8)
  A howler monkey (D:8)
  4 jellies
  3 hounds
  An orc wizard (D:4)
  3 gnoll shamans (D:7)
  Natasha (twice) (D:3)
  4 iguanas
  5 worker ants
  A hound zombie (D:8)
  A hound skeleton (D:8)
  A howler monkey zombie (D:7)
  16 gnolls (D:7)
  11 adders
  2 shadow imps
  4 white imps
  3 ufetubi
  3 oozes (D:3)
  2 adder skeletons
  7 worms
  A dart slug (D:1)
  3 leopard geckos
  16 orcs
  3 giant cockroaches
  10 goblins
  13 hobgoblins
  11 jackals
  4 quokkas
  A ball python (D:3)
  7 bats
  6 frilled lizards
  A jackal skeleton (D:5)
  13 kobolds
  A leopard gecko skeleton (D:7)
  5 rats
193 creatures vanquished.

Vanquished Creatures (collateral kills)
  3 wyverns
  3 yaks (D:9)
  A phantom (D:4)
  A sky beast (D:7)
  A scorpion (D:8)
  2 hounds (D:7)
  A jackal (D:7)
12 creatures vanquished.

Vanquished Creatures (others)
  2 plants (D:9)
2 creatures vanquished.

Grand Total: 207 creatures vanquished

Notes
Turn   | Place    | Note
-------+----------+-------------------------------------------
     0 | D:1      | Tarl the Demonspawn Gladiator began the quest for the Orb.
     0 | D:1      | Reached XP level 1. HP: 16/16 MP: 1/1
    75 | D:1      | Gained mutation: You are immune to rotting. [demonic
                  | ancestry]
    75 | D:1      | Reached XP level 2. HP: 16/22 MP: 2/2
   199 | D:1      | Reached skill level 3 in Staves
   407 | D:1      | Gained mutation: You are partially covered in slimy green
                  | scales. (AC +2) [demonic ancestry]
   407 | D:1      | Reached XP level 3. HP: 27/27 MP: 3/3
   859 | D:2      | Found a bloodstained altar of Trog.
  1318 | D:2      | Found a broken altar of Ashenzari.
  1354 | D:2      | Gained mutation: You have a pair of small horns on your
                  | head. [demonic ancestry]
  1354 | D:2      | Reached XP level 4. HP: 34/34 MP: 4/4
  1397 | D:2      | Reached skill level 4 in Staves
  1509 | D:2      | Found a blossoming altar of Fedhas.
  2241 | D:3      | Reached XP level 5. HP: 40/40 MP: 5/5
  2547 | D:3      | Noticed Natasha
  2555 | D:3      | Killed Natasha
  2556 | D:3      | Reached skill level 1 in Stealth
  2558 | D:3      | Reached skill level 1 in Armour
  2623 | D:3      | Noticed Natasha
  2632 | D:3      | Killed Natasha
  3089 | D:4      | Found a sparkling altar of Nemelex Xobeh.
  3110 | D:4      | Found a staircase to the Ecumenical Temple.
  3136 | Temple   | Entered the Ecumenical Temple
  3253 | Temple   | Became a worshipper of Warmaster Okawaru
  3311 | D:4      | Reached skill level 5 in Staves
  3311 | D:4      | Gained mutation: A weak demonic guardian rushes to your
                  | aid. [demonic ancestry]
  3311 | D:4      | Reached XP level 6. HP: 22/47 MP: 6/6
  3585 | D:4      | Found a basalt altar of Yredelemnul.
  3799 | D:4      | Noticed Edmund
  3810 | D:4      | Killed Edmund
  4083 | D:4      | Reached * piety under Okawaru
  4084 | D:4      | Reached XP level 7. HP: 49/52 MP: 7/7
  4221 | D:4      | Found a hazy altar of Hepliaklqana.
  4287 | D:5      | Entered Level 5 of the Dungeon
  4302 | D:5      | Found an ancient bone altar of Kikubaaqudgha.
  4367 | D:5      | Noticed Menkaure
  4373 | D:5      | Killed Menkaure
  4374 | D:5      | Reached skill level 6 in Staves
  4374 | D:5      | Reached skill level 1 in Invocations
  5452 | D:6      | Noticed a cacodemon
  5453 | D:6      | Found a burning altar of Makhleb.
  5466 | D:6      | Found a glowing silver altar of Zin.
  5466 | D:6      | Noticed an angel
  5485 | D:6      | Found Ufiem's Antique Weapon Shop.
  5516 | D:6      | Found a white marble altar of Elyvilon.
  5657 | D:6      | Gained mutation: You have a pair of horns on your head.
                  | [demonic ancestry]
  5657 | D:6      | Reached XP level 8. HP: 60/60 MP: 10/10
  5925 | D:6      | Reached ** piety under Okawaru
  6144 | D:6      | Found a shadowy altar of Dithmenos.
  6429 | D:7      | Identified the +2 mace of Ru's Approval {flame, Fragile
                  | +Fly rN+++ Int-2}
  6484 | D:7      | Reached skill level 7 in Staves
  7287 | D:7      | Reached skill level 5 in Invocations
  7378 | D:7      | Found Doidiwe's Magic Scroll Boutique.
  7383 | D:7      | Reached *** piety under Okawaru
  7395 | D:7      | Bought a scroll of torment for 97 gold pieces
  7395 | D:7      | Bought a scroll of teleportation for 39 gold pieces
  7601 | D:7      | Gained mutation: A demonic guardian rushes to your aid.
                  | [demonic ancestry]
  7601 | D:7      | Reached XP level 9. HP: 65/66 MP: 12/12
  7856 | D:8      | Identified a scroll of acquirement
  7856 | D:8      | Acquired a +2 lajatang of electrocution
  7929 | D:8      | Reached skill level 8 in Staves
  8217 | D:8      | Found an opulent altar of Gozag.
  8322 | D:8      | Paralysed by a hornet for 3 turns
  8328 | D:8      | Reached skill level 9 in Staves
  8500 | D:8      | Noticed a skeletal warrior
  8605 | D:9      | Found Upnirom's Armour Boutique.
  8634 | D:9      | Found a stormy altar of Qazlal.
  8653 | D:9      | Reached **** piety under Okawaru
  8695 | D:9      | Reached skill level 10 in Staves
  8703 | D:9      | HP: 3/67 [wyvern (4)]
  8711 | D:9      | HP: 1/67 [water moccasin (5)]
  8713 | D:9      | Slain by a water moccasin

Illustrated notes

Levels and vault maps discovered:
D:1:      psy_arrival_dodecagon, layout_rooms, corner_web_ring, minmay_bisected
D:2:      layout_loops_ring, ashenzari_conservatory_becter,
          general_overflow_altar, overflow_temple_1_default
D:3:      layout_basic, uniq_natasha
D:4:      layout_cave_pods, nemelex_xobeh_ov_fountains_minmay,
          yredelemnul_altar_generic, kennysheep_mini, minmay_temple_entry_glass,
          uniq_edmund
D:5:      layout_basic, basic_altar, uniq_menkaure
D:6:      layout_gridville, grunt_temple_overflow_order_and_chaos_2,
          kennysheep_little_box, elyvilon_altar_5, serial_shops, shop_coins
D:7:      layout_cave_pools, serial_gnoll_camp, gnoll_camp_mini_sergeant,
          gnoll_camp_mini_house, gnoll_camp_mini_hut, gnoll_camp_mini_hut,
          gnoll_camp_medium_01, gnoll_camp_mini_shop
D:8:      layout_basic, lemuel_coloured_pillars_altar, tso_oasis_becter
D:9:      layout_basic, nicolae_qazlal_style_of_elements,
          minmay_lair_entry_grove, serial_shops, shop, kennysheep_just_a_vault
Temple:   nicolae_temple_figure_zero

Skill      XL: |  1  2  3  4  5  6  7  8  9 |
---------------+----------------------------+-----
Staves         | 3 4 5 6 7 10 | 10.4
Dodging        | 3 4 |  4.0
Stealth        | 1 |  1.8
Armour         | 1 2 4 |  4.2
Fighting       | 3 4 |  4.8
Throwing       | 2 |  2.6
Invocations    | 2 5 |  5.4

Action                   |  1- 3 |  4- 6 |  7- 9 || total
-------------------------+-------+-------+-------++-------
Melee: Quarterstaff      |   118 |   126 |   267 ||   511
       Headbutt          |       |    24 |    55 ||    79
       Trident           |       |       |    10 ||    10
       Lajatang          |       |       |    74 ||    74
Throw: Throwing net      |       |     1 |       ||     1
       Javelin           |       |     3 |    15 ||    18
Invok: Heroism           |       |       |     1 ||     1
  Use: Scroll            |     4 |     6 |     8 ||    18
       Potion            |     2 |       |     9 ||    11
 Stab: Sleeping          |       |     1 |     1 ||     2
       Held in net/web   |       |     1 |       ||     1
       Distracted        |       |     1 |     1 ||     2
Armor: Leather armour    |    37 |    30 |       ||    67
       Scale mail        |       |     8 |    28 ||    36
       Swamp dragon scal |       |       |   116 ||   116
Dodge: Dodged            |    78 |    74 |   233 ||   385

Table legend: (Time is in decaauts)
 A = Elapsed time spent in this place.
 B = Non-inter-level travel time spent in this place.
 C = Inter-level travel time spent in this place.
 D = Time resting spent in this place.
 E = Time spent auto-exploring this place.
 F = Levels seen in this place.
 G = Mean time per level.
                   A        B        C        D        E       F      G
               +--------+--------+--------+--------+--------+-----+--------+
         Total |   8710 |   8540 |    170 |   1828 |   4664 |  10 |  871.0 |
       Dungeon |   8576 |   8406 |    170 |   1828 |   4562 |   9 |  952.9 |
        Temple |    133 |    133 |      0 |      0 |    102 |   1 |  133.0 |
               +--------+--------+--------+--------+--------+-----+--------+

Top non-repeatable levels by time:
     D:4: 1312 daAuts
     D:7: 1311 daAuts
     D:2: 1182 daAuts
     D:6: 1177 daAuts
     D:3: 957 daAuts
     D:5: 887 daAuts
     D:8: 800 daAuts
     D:1: 727 daAuts
     D:9: 219 daAuts
  Temple: 133 daAuts
